 Dungeon Crawl Stone Soup version 0.17-a0-2098-gf59d6bc (webtiles) character file.

723 brucemayne the Chopper (level 7, 0/66 HPs)
             Began as a Deep Dwarf Monk on Oct 17, 2015.
             Slain by an ogre
             ... wielding a +0 giant spiked club
              (18 damage)
             ... on level 6 of the Dungeon.
             The game lasted 00:10:36 (1858 turns).

brucemayne the Chopper (Deep Dwarf Monk)            Turns: 1858, Time: 00:10:37

Health: 0/66       AC: 12    Str: 17      XL:     7   Next: 43%
Magic:  5/5        EV:  8    Int:  9 (10) God:
Gold:   58         SH:  0    Dex: 15      Spells: 0 memorised, 6 levels left

rFire  . . .     SeeInvis .     A - +0 war axe (curse)
rCold  . . .     Rnd*Rage +     s - +0 chain mail
rNeg   + . .     SustAt   .     (no shield)
rPois  +         Gourm    .     (no helmet)
rElec  .         Spirit   .     (no cloak)
rCorr  .         Warding  +     (no gloves)
rMut   .         Stasis   .     G - +2 pair of boots
MR     +....                    n - amulet of warding
Stlth  ..........               (no ring)
                                (no ring)

@: non-regenerating, somewhat resistant to hostile enchantments, extremely
unstealthy
A: damage resistance, recharge devices, berserk 1, deterioration 1, sense
surroundings 1, poison resistance, slow regeneration 3, subdued magic 1
a: Device Recharging


You were on level 6 of the Dungeon.
You were not hungry.

You visited 1 branch of the dungeon, and saw 7 of its levels.

You collected 98 gold pieces.
You spent 40 gold pieces at shops.

Inventory:

Hand Weapons
 i - a +0 whip
 r - a +0 dagger
 t - a +0 quarterstaff
 A - a cursed +0 war axe (weapon)
 D - a +0 battleaxe
 F - a +0 broad axe
Missiles
 w - 6 javelins
 y - 2 poisoned tomahawks (quivered)
Armour
 a - a +0 robe
 d - a +0 leather armour
 s - a +0 chain mail (worn)
 G - a +2 pair of boots (worn)
Magical Staves
 B - an uncursed staff of energy {unknown}
Jewellery
 e - an uncursed ring of fire
 k - an uncursed ring of ice
 n - an amulet of warding (around neck)
Wands
 b - a wand of heal wounds (4)
 p - a wand of frost (24)
 E - a wand of fireball (6)
 H - a wand of flame (27)
Scrolls
 g - a scroll of enchant armour {unknown}
 l - a scroll of amnesia {unknown}
 m - 2 scrolls of identify
 q - 4 scrolls of teleportation
 u - 4 scrolls of remove curse {unknown}
 v - a scroll of fear {unknown}
 x - a scroll of noise {unknown}
 I - a scroll of enchant weapon {unknown}
Potions
 f - 2 potions of haste
 j - a potion of brilliance
 o - 2 potions of heal wounds
 z - a potion of might
 C - 2 potions of curing
 M - a potion of ambrosia {unknown}
 N - a potion of magic {unknown}
Comestibles
 c - 4 bread rations
 h - a beef jerky
 J - 5 fruits
 K - a chunk of flesh
 L - a meat ration


   Skills:
 - Level 4.4 Fighting
 + Level 6.4 Axes
 - Level 4.1 Armour
 - Level 3.2 Dodging
 - Level 2.4 Stealth
 - Level 3.6 Unarmed Combat


You had 6 spell levels left.
You didn't know any spells.

Dungeon Overview and Level Annotations

Branches:
Dungeon (7/15)
 Temple: D:4-7

Altars:
Ashenzari
Dithmenos
Vehumet

Shops:
D:4 *

Portals:
Ossuary: D:5

Annotations:
D:2 Ijyb
D:3 Terence


Innate Abilities, Weirdness & Mutations

You are resistant to damage.
You can recharge devices by infusing magical energy.
You passively map a small area around you.
You do not regenerate naturally.
You tend to lose your temper in combat.
Your body sometimes deteriorates upon taking damage.
Your system is resistant to poisons.
Your spells are a little easier to cast, but a little less powerful.


Message History

You kill the worker ant!
Eat one of 2 chunks of flesh? (ye/n/q/i?) This raw flesh tastes terrible.
You continue eating. x2
The ogre shouts!
Evoke which item? (* to show all) (? for menu, Esc to quit)
Zapping:
b - a wand of heal wounds (5)
Press: ? - help, Shift-Dir - straight line, f - you You feel much better.
This wand has 4 charges left.
You slash the ogre!
The ogre is moderately wounded.
The ogre hits you with a giant spiked club!
You barely miss the ogre.
The ogre is moderately wounded.
The ogre hits you with a giant spiked club!!
* * * LOW HITPOINT WARNING * * *
You hit the ogre.
The ogre is heavily wounded.
The ogre hits you with a giant spiked club!!
You die...

###..#######.##.##.##.
#.........##.#..#..##. #######
#..............#..###. #...!.#
#......^......##.## #.
#.....###.........#......# #.
#...........#.##.......####...
#.....##.......#........#.....
#.....#####....##.........#...
#.....# ###@O...............
####### #....####..##.....
#....####.........
##......#..#....... ########
#..####............ #......#
####............##....
#......###..........#.###.......
#..........##.........# #.#..##.
#.........###.......### #.#.####


You could see an ogre.

Vanquished Creatures
  A sky beast (D:7)
  A centaur (D:5)
  An ogre (D:4)
  A wyvern zombie (D:7)
  A scorpion (D:4)
  A crimson imp (D:6)
  An orc priest (D:4)
  2 jellies (D:7)
  2 hounds
  An iguana (D:6)
  3 worker ants
  2 hound zombies
  A shadow imp (D:5)
  2 giant geckos (D:2)
  5 orcs (D:4)
  2 giant cockroaches
  2 goblins
  6 hobgoblins
  3 quokkas
  3 bats
  2 giant newts (D:2)
  A kobold (D:1)
  3 rats
47 creatures vanquished.

Vanquished Creatures (others)
  A worker ant (D:6)
1 creature vanquished.

Grand Total: 48 creatures vanquished

Notes
Turn   | Place    | Note
--------------------------------------------------------------
     0 | D:1      | brucemayne the Deep Dwarf Monk began the quest for the Orb.
     0 | D:1      | Reached XP level 1. HP: 20/20 MP: 1/1
   269 | D:2      | Reached skill level 1 in Armour
   269 | D:2      | Reached XP level 2. HP: 18/28 MP: 2/2
   354 | D:2      | Noticed Ijyb
   648 | D:3      | Noticed Terence
   658 | D:3      | Found a shattered altar of Ashenzari.
   753 | D:4      | Noticed a scorpion
   759 | D:4      | Killed a scorpion
   759 | D:4      | Reached XP level 3. HP: 23/34 MP: 3/3
   775 | D:4      | Reached XP level 4. HP: 28/44 MP: 4/4
   828 | D:4      | Reached skill level 4 in Fighting
   903 | D:4      | Found Qarchem's General Store.
   912 | D:4      | Bought a potion of might for 40 gold pieces
   912 | D:4      | Noticed an ogre
   916 | D:4      | Killed an ogre
   916 | D:4      | Reached XP level 5. HP: 32/51 MP: 5/5
   951 | D:5      | Entered Level 5 of the Dungeon
   974 | D:5      | Found a sand-covered staircase.
  1004 | D:5      | Gained mutation: Your spells are a little easier to cast, but a little less powerful. [potion of mutation]
  1004 | D:5      | Gained mutation: Your body sometimes deteriorates upon taking damage. [potion of mutation]
  1004 | D:5      | Gained mutation: You tend to lose your temper in combat. [potion of mutation]
  1079 | D:6      | Noticed an ogre
  1096 | D:5      | Reached skill level 1 in Axes
  1112 | D:5      | Found a radiant altar of Vehumet.
  1185 | D:5      | Noticed a centaur
  1200 | D:5      | Killed a centaur
  1200 | D:5      | Reached XP level 6. HP: 20/58 MP: 6/6
  1207 | D:5      | Found a shadowy altar of Dithmenos.
  1207 | D:5      | Noticed a phantom
  1335 | D:6      | Noticed a sky beast
  1422 | D:7      | Killed a sky beast
  1426 | D:7      | Reached skill level 5 in Axes
  1426 | D:7      | Reached XP level 7. HP: 22/66 MP: 6/6
  1433 | D:7      | Gained mutation: Your system is resistant to poisons. [mutagenic meat]
  1736 | D:7      | Reached skill level 6 in Axes
  1858 | D:6      | Slain by an ogre

Vault maps used:
D:1:      dpeg_arrival_chambers_temple_mockup
D:2:      uniq_iyjb
D:3:      lemuel_coloured_pillars_altar, first_bread, ashenzari_altar_1,
          uniq_sigmund, uniq_terence
D:4:      minmay_temple_entry_crystal_x, serial_shops, shop
D:5:      fiery_altar_vehumet, grunt_dithmenos_shadows, enter_ossuary_1,
          uniq_crazy_yiuf_cottage, uniq_prince_ribbit1, uniq_blork_the_orc
D:6:      nicolae_qazlal_eye_of_the_storm
D:7:      gammafunk_temple_overflow_pools

Action                   |  1- 3 |  4- 6 |  7- 9 || total
-------------------------+-------+-------+-------++-------
Melee: Whip              |    93 |       |       ||    93
       Unarmed           |    19 |       |       ||    19
       Quarterstaff      |     2 |    22 |       ||    24
       Dagger            |     1 |       |       ||     1
       War axe           |       |    69 |    82 ||   151
Throw: Javelin           |     8 |     7 |       ||    15
       Tomahawk          |       |     2 |       ||     2
 Abil: Device Recharging |       |     1 |     1 ||     2
Evoke: Wand              |     2 |     8 |     4 ||    14
  Use: Scroll            |     1 |     3 |       ||     4
       Potion            |       |     6 |       ||     6
 Stab: Sleeping          |     2 |     1 |       ||     3
  Eat: Chunk             |       |     2 |     6 ||     8
